 Dungeon Crawl Stone Soup version 0.24-a0-715-g0b739ee41d (webtiles) character file.

Game seed: 4210123790589363179, levelgen mode: deterministic

4713 Peloso the Carver (level 10, 0/88 HPs)
             Began as a Minotaur Fighter on Sept 30, 2019.
             Was an Initiate of Gozag.
             Slain by a freezing wraith (3 damage)
             ... on level 2 of the Abyss.
             The game lasted 00:15:12 (6632 turns).

Peloso the Carver (Minotaur Fighter)                Turns: 6632, Time: 00:15:12

Health: 0/88       AC: 15    Str: 22    XL:     10   Next: 22%
Magic:  9/9        EV:  7    Int:  5    God:    Gozag
Gold:   1194       SH: 13    Dex: 12    Spells: 9/9 levels left

rFire    . . .     SeeInvis .   a - +3 long sword (freeze)
rCold    . . .     Gourm    .   c - +1 shield
rNeg     . . .     Faith    .   u - +0 plate armour
rPois    +         Spirit   .   (helmet restricted)
rElec    .         Reflect  .   (no cloak)
rCorr    .         Harm     .   (no gloves)
MR       .....                  g - +0 pair of boots
Stlth    ..........             z - amulet of regeneration
HPRegen  0.64/turn              r - ring of flight
MPRegen  0.11/turn              s - ring of poison resistance

@: gold aura, slowed, very slow
A: retaliatory headbutt, horns 2
a: Potion Petition, Call Merchant, Bribe Branch, Renounce Religion, Evoke Flight


You were on level 2 of the Abyss.
You worshipped Gozag.
Gozag was most pleased with you.
You were near starving.

You visited 1 branch of the dungeon, and saw 8 of its levels.
You visited the Abyss 1 time.

You collected 1230 gold pieces.
You paid 36 gold pieces to Gozag.

Inventory:

Hand Weapons
 a - a +3 long sword of freezing (weapon)
 p - a +2 spear of flaming
Armour
 b - a +0 chain mail
 c - a +1 shield (worn)
 g - a +0 pair of boots (worn)
 u - a +0 plate armour (worn)
Jewellery
 r - a ring of flight (left hand)
 s - a ring of poison resistance (right hand)
 z - an amulet of regeneration (around neck)
Scrolls
 d - 5 scrolls of teleportation
 k - 2 scrolls of enchant armour
 n - 2 scrolls of magic mapping {unknown}
 o - a scroll of torment {unknown}
 q - 5 scrolls of remove curse
 w - a scroll of fog
 A - a scroll of vulnerability {unknown}
Potions
 e - a potion of resistance {unknown}
 h - 3 potions of heal wounds
 i - 2 potions of flight
 j - a potion of cancellation
 l - 5 potions of curing
 m - a potion of ambrosia
 t - a potion of brilliance
 v - a potion of invisibility
 x - 2 potions of mutation
Comestibles
 f - 12 rations


   Skills:
 + Level 7.9 Fighting
 + Level 11.0 Long Blades
 + Level 8.3 Armour
 + Level 3.4 Dodging
 + Level 1.5 Stealth
 + Level 9.6 Shields


You had 9 spell levels left.
You didn't know any spells.
Your spell library was empty.

Dungeon Overview and Level Annotations

Branches:
Dungeon (8/15)             Temple (0/1) D:4
   Lair: D:8-11

Altars:
Ashenzari
Dithmenos
Elyvilon
Fedhas
Gozag
Kikubaaqudgha
Makhleb
Nemelex Xobeh
Qazlal
Trog
Vehumet
The Shining One

Annotations:
D:8 1 runed translucent door, Psyche


Innate Abilities, Weirdness & Mutations

You reflexively headbutt those who attack you in melee.
You have a pair of horns on your head.


Message History

You hit the freezing wraith.
The freezing wraith is lightly damaged.
You block the freezing wraith's attack. The freezing wraith hits you!
* * * LOW HITPOINT WARNING * * *
The freezing wraith drains your vigour!
You feel yourself slow down.
You hit the freezing wraith.
The freezing wraith is lightly damaged.
The freezing wraith hits you.
* * * LOW HITPOINT WARNING * * *
The freezing wraith freezes you!
* * * LOW HITPOINT WARNING * * *
The freezing wraith hits you.
* * * LOW HITPOINT WARNING * * *
The freezing wraith drains your vigour!
You feel as though you will be slow longer.
You hit the freezing wraith.
The freezing wraith is lightly damaged.
The freezing wraith hits you.
You die...
Your body crumbles into a pile of gold.

. . # . . .# ..
#.###.#..#> ..#.
##....#...## ....
#..#..#..#.#...# #
#........#..#
..#...#.#..###. . #
#.###.#..#..... . .
#.....$......## .#
. . .##[..@##..#..
.###........W###.#.
#. #.#......... .#
.# . ###...#.#.#...
. .
.......###.....##..
. ....#. .###...# .
# # ..##.# $..# ##
#. # #... ## #


You could see a freezing wraith.

Vanquished Creatures
  Pikel (D:6)
  Prince Ribbit (D:5)
  A hippogriff (D:7)
  An alligator skeleton (Abyss:2)
  A yak (D:8)
  6 humans (D:8)
  A neqoxec (Abyss:2)
  Edmund (D:6)
  An orc warrior (D:5)
  2 small abominations (Abyss:2)
  2 necrophages
  An ice beast (D:5)
  An ogre (D:6)
  A phantom (D:4)
  2 centaurs (D:5)
  A big kobold (D:8)
  A bullfrog (D:8)
  A gnoll sergeant (D:5)
  3 scorpions
  3 wights (D:8)
  3 howler monkeys (D:7)
  A bullfrog zombie (D:6)
  2 centaur zombies
  A bullfrog skeleton (D:4)
  2 orc priests
  3 hounds
  A jelly (D:7)
  A centaur skeleton (D:4)
  An iron imp (Abyss:2)
  4 orc wizards
  2 iguanas (D:4)
  7 worker ants
  A killer bee zombie (D:6)
  A hound zombie (D:5)
  A hound skeleton (D:7)
  12 gnolls
  9 adders
  2 shadow imps
  2 oozes (D:1)
  2 adder skeletons (D:5)
  A worm (D:4)
  2 dart slugs
  6 leopard geckos
  27 orcs
  5 bats
  3 giant cockroaches
  A goblin (D:1)
  5 hobgoblins
  22 jackals
  2 quokkas
  3 ball pythons
  2 ball python skeletons
  5 frilled lizards
  11 kobolds
  9 rats
194 creatures vanquished.

Notes
Turn   | Place    | Note
-------+----------+-------------------------------------------
     0 | D:1      | Peloso the Minotaur Fighter began the quest for the Orb.
     0 | D:1      | Reached XP level 1. HP: 19/19 MP: 0/0
   155 | D:1      | Reached XP level 2. HP: 27/27 MP: 1/1
   266 | D:2      | Reached XP level 3. HP: 10/33 MP: 2/2
   652 | D:2      | Reached XP level 4. HP: 17/40 MP: 3/3
   669 | D:2      | Reached skill level 3 in Long Blades
   851 | D:2      | Found a burning altar of Makhleb.
  1007 | D:2      | Found a glowing golden altar of the Shining One.
  1888 | D:3      | Reached skill level 1 in Dodging
  1898 | D:3      | Reached XP level 5. HP: 25/47 MP: 4/4
  2180 | D:3      | Reached skill level 5 in Armour
  2217 | D:3      | Found an opulent altar of Gozag.
  2221 | D:3      | Found a blossoming altar of Fedhas.
  2224 | D:3      | Found a shadowy altar of Dithmenos.
  2237 | D:3      | Became a worshipper of Gozag Ym Sagoz the Greedy
  2784 | D:4      | Reached skill level 5 in Fighting
  2784 | D:4      | Reached skill level 5 in Shields
  2788 | D:4      | Reached skill level 4 in Long Blades
  2788 | D:4      | Reached XP level 6. HP: 50/56 MP: 5/5
  2847 | D:4      | Found a staircase to the Ecumenical Temple.
  2973 | D:4      | Found a radiant altar of Vehumet.
  3107 | D:4      | Reached skill level 5 in Long Blades
  3107 | D:4      | Reached XP level 7. HP: 60/61 MP: 6/6
  3513 | D:5      | Entered Level 5 of the Dungeon
  3571 | D:5      | Noticed Prince Ribbit
  3592 | D:5      | Reached skill level 6 in Long Blades
  3600 | D:5      | Killed Prince Ribbit
  3600 | D:5      | Reached XP level 8. HP: 16/70 MP: 7/7
  3733 | D:5      | Reached skill level 7 in Long Blades
  4554 | D:6      | Reached skill level 8 in Long Blades
  4558 | D:6      | Noticed Edmund
  4590 | D:6      | Killed Edmund
  4671 | D:6      | Noticed Pikel
  4687 | D:6      | Killed Pikel
  4687 | D:6      | Reached skill level 1 in Stealth
  4687 | D:6      | Reached XP level 9. HP: 74/78 MP: 8/8
  4831 | D:6      | Found a white marble altar of Elyvilon.
  4872 | D:6      | Reached skill level 9 in Long Blades
  4952 | D:6      | Found a bloodstained altar of Trog.
  5405 | D:7      | Found an ancient bone altar of Kikubaaqudgha.
  5499 | D:7      | Found a shattered altar of Ashenzari.
  5653 | D:7      | Found a stormy altar of Qazlal.
  6100 | D:8      | Found a sparkling altar of Nemelex Xobeh.
  6206 | D:8      | Reached skill level 10 in Long Blades
  6290 | D:8      | Found a runed translucent door.
  6463 | D:8      | Noticed Psyche
  6500 | D:8      | Reached XP level 10. HP: 85/86 MP: 9/9
  6518 | D:8      | Cast into level 2 of the Abyss (Psyche)
  6624 | Abyss:2  | Reached skill level 11 in Long Blades
  6631 | Abyss:2  | HP: 3/88 [freezing wraith (5)]
  6632 | Abyss:2  | Slain by a freezing wraith

Levels and vault maps discovered:
D:1:      mushboom_english_gardens, layout_rooms, minivault_5, minmay_unequal
D:2:      layout_basic, nicolae_overflow_hidden_temple,
          nicolae_overflow_crystal_walls, nicolae_tso_carved_into_rock,
          first_ration
D:3:      layout_basic, minitemple
D:4:      layout_basic, marbit_many_paths, minmay_temple_entry_hall,
          kennysheep_decorative_pillar, solitary_fountain,
          kennysheep_generic_room_12
D:5:      layout_rooms, uniq_prince_ribbit1
D:6:      layout_loops_corners, overflow_temple_1_default, bloody_trog,
          uniq_pikel, uniq_edmund
D:7:      layout_basic, lemuel_round_altar, lemuel_doored_altar, basic_altar
D:8:      erik_cavepeople, layout_basic, nemelex_xobeh_ov_fountains_minmay,
          dpeg_lair_monsters, grunt_pizzeria
Abyss:2:  evilmike_abyss_exit_9, minivault_23

Skill      XL: |  1  2  3  4  5  6  7  8  9 10 |
---------------+-------------------------------+-----
Armour         | 4 5 6 7 8 |  8.3
Fighting       | 4 5 6 7 |  7.9
Shields        | 4 5 6 8 9 |  9.6
Long Blades    | 3 4 5 6 8 10 11 | 11.0
Dodging        | 1 2 3 |  3.4
Stealth        | 1 |  1.5

Action                   |  1- 3 |  4- 6 |  7- 9 | 10-12 || total
-------------------------+-------+-------+-------+-------++-------
Melee: Long sword        |    56 |   198 |   393 |    46 ||   693
       Headbutt          |     9 |    35 |    85 |    10 ||   139
  Use: Scroll            |     2 |     1 |    14 |       ||    17
       Potion            |       |       |     1 |       ||     1
 Stab: Distracted        |       |       |     4 |       ||     4
  Eat: Chunk             |       |     4 |       |       ||     4
       Ration            |       |     1 |     3 |       ||     4
Armor: Scale mail        |    28 |    50 |       |       ||    78
       Chain mail        |       |    57 |       |       ||    57
       Plate armour      |       |     8 |   181 |    14 ||   203
Dodge: Dodged            |    23 |    42 |    70 |    12 ||   147
Block: Shield            |    35 |   129 |   239 |    29 ||   432
       Rpst.: Long sword |     4 |    11 |    18 |     3 ||    36

Table legend:
 A = Non-vault XP
 B = Vault XP
 C = Vault XP percentage of total XP
 D = Non-vault monster count
 E = Vault monster count
 F = Vault count percentage of total count
                 A         B        C        D         E       F
            +---------+---------+-------+---------+---------+-------
      Total |    4220 |    2513 |  37.3 |     178 |      16 |   8.2
            +---------+---------+-------+---------+---------+-------
        D:1 |      19 |       9 |  32.1 |       9 |       3 |  25.0
        D:2 |     117 |       0 |   0.0 |      25 |       0 |   0.0
        D:3 |     181 |       0 |   0.0 |      30 |       0 |   0.0
        D:4 |     509 |      40 |   7.3 |      17 |       2 |  10.5
        D:5 |     944 |     268 |  22.1 |      35 |       1 |   2.8
        D:6 |     620 |     783 |  55.8 |      24 |       2 |   7.7
        D:7 |     527 |       0 |   0.0 |      11 |       0 |   0.0
        D:8 |     576 |    1413 |  71.0 |      22 |       8 |  26.7
    Abyss:2 |     727 |       0 |   0.0 |       5 |       0 |   0.0
            +---------+---------+-------+---------+---------+-------
